SL
NEW AMSTERDAM REPUBLICS @ NORFOLK CRUISERS
06/18/2018
 
TOP OF THE 1ST
New Amsterdam Republics batting - Pitching for Norfolk Cruisers : RHP Cal Hudson
Pitching: RHP Cal Hudson
Batting: RHB Doug Reed 0-0: Ball
1-0: Ball
2-0: Ball
3-0: Called Strike
3-1: Fly out, F7 (Flyball, 78M)
Batting: RHB Ronald Shelton 0-0: Ball
1-0: Ball
2-0: Called Strike
2-1: Fly out, F2 (Popup, 2RF)
Batting: RHB Porter Martínez 0-0: SINGLE (Groundball, 56D)
Batting: RHB José Ramírez 0-0: Ball
1-0: Ball
2-0: Called Strike
2-1: Foul Ball, location: 2F
2-2: Foul Ball, location: 2F
2-2: Strikes out swinging
Top of the 1st over - 0 run(s), 1 hit(s), 0 error(s), 1 left on base; New Amsterdam 0 - Norfolk 0
BOTTOM OF THE 1ST
Norfolk Cruisers batting - Pitching for New Amsterdam Republics : RHP Andy Coker
Pitching: RHP Andy Coker
Batting: RHB Floyd Mitchell 0-0: Called Strike
0-1: Ball
1-1: Ball
2-1: Foul Ball, location: 2F
2-2: Ball
3-2: Foul Ball, location: 2F
3-2: Foul Ball, location: 2F
3-2: Foul Ball, location: 2F
3-2: Foul Ball, location: 2F
3-2: Strikes out swinging
Batting: RHB Bill Childers 0-0: Ball
1-0: Ground out 6-3 (Groundball, 6)
Batting: RHB Terry Sylvester 0-0: Ball
1-0: Foul Ball, location: 2F
1-1: Fly out, F4 (Popup, 4D)
Bottom of the 1st over - 0 run(s), 0 hit(s), 0 error(s), 0 left on base; New Amsterdam 0 - Norfolk 0
TOP OF THE 2ND
New Amsterdam Republics batting - Pitching for Norfolk Cruisers : RHP Cal Hudson
Batting: LHB Ken Norman 0-0: Foul Ball, location: 2F
0-1: Foul Ball, location: 2F
0-2: Fly out, F5 (Popup, 56)
Batting: RHB Noel Livingston 0-0: Ball
1-0: Ground out 1-3 (Groundball, 23)
Batting: RHB Carlos Ortega 0-0: Ball
1-0: Ball
2-0: Called Strike
2-1: Called Strike
2-2: Ground out 6-3 (Groundball, 6M)
Top of the 2nd over - 0 run(s), 0 hit(s), 0 error(s), 0 left on base; New Amsterdam 0 - Norfolk 0
BOTTOM OF THE 2ND
Norfolk Cruisers batting - Pitching for New Amsterdam Republics : RHP Andy Coker
Batting: RHB Jorge Gómez 0-0: Ball
1-0: Called Strike
1-1: Foul Ball, location: 2F
1-2: Ball
2-2: Ball
3-2: Fly out, F7 (Line Drive, 78D)
Batting: RHB Steven Talley 0-0: Called Strike
0-1: Called Strike
0-2: Ball
1-2: Strikes out swinging passed ball, reaches first!
Batting: RHB Carlos Rodríguez 0-0: Called Strike
Steven Talley steals 2nd base
0-1: Called Strike
0-2: Strikes out swinging
Batting: RHB David Gómez 0-0: Ball
1-0: Ball
2-0: Called Strike
2-1: Ground out 4-3 (Groundball, 4M)
Bottom of the 2nd over - 0 run(s), 0 hit(s), 0 error(s), 1 left on base; New Amsterdam 0 - Norfolk 0
TOP OF THE 3RD
New Amsterdam Republics batting - Pitching for Norfolk Cruisers : RHP Cal Hudson
Batting: RHB Fernando López 0-0: Ball
1-0: Fly out, F8 (Flyball, 78D)
Batting: RHB Andy Coker 0-0: Ball
1-0: Ground out 4-3 (Groundball, 4M)
Batting: RHB Doug Reed 0-0: Called Strike
0-1: Foul Ball, location: 2F
0-2: Fly out, F8 (Line Drive, 89S)
Top of the 3rd over - 0 run(s), 0 hit(s), 0 error(s), 0 left on base; New Amsterdam 0 - Norfolk 0
BOTTOM OF THE 3RD
Norfolk Cruisers batting - Pitching for New Amsterdam Republics : RHP Andy Coker
Batting: SHB Bill Becker 0-0: Ball
1-0: Foul Ball, location: 2F
1-1: Ball
2-1: Swinging Strike
2-2: Strikes out looking
Batting: LHB Cal Hudson 0-0: Fly out, F9 (Flyball, 89M)
Batting: RHB Floyd Mitchell 0-0: Called Strike
0-1: Ground out 1-3 (Groundball, 13S)
Bottom of the 3rd over - 0 run(s), 0 hit(s), 0 error(s), 0 left on base; New Amsterdam 0 - Norfolk 0
TOP OF THE 4TH
New Amsterdam Republics batting - Pitching for Norfolk Cruisers : RHP Cal Hudson
Batting: RHB Ronald Shelton 0-0: Ball
1-0: Called Strike
1-1: Ball
2-1: Foul Ball, location: 2F
2-2: Foul Ball, location: 2F
2-2: Hit by Pitch
Batting: RHB Porter Martínez 0-0: Ball
1-0: Ball
2-0: Called Strike
2-1: Called Strike
2-2: Ball
3-2: Foul Ball, location: 2F
3-2: Foul Ball, location: 2F
3-2: Fly out, F8 (Flyball, 8RM)
Batting: RHB José Ramírez 0-0: Ball
1-0: Ball
2-0: Called Strike
2-1: Swinging Strike
2-2: Ball
Wild Pitch!
Ronald Shelton to second
3-2: Strikes out swinging
Batting: LHB Ken Norman 0-0: Foul Ball, location: 2F
0-1: Ball
1-1: Ground out 5-3 (Groundball, 56S)
Top of the 4th over - 0 run(s), 0 hit(s), 0 error(s), 1 left on base; New Amsterdam 0 - Norfolk 0
BOTTOM OF THE 4TH
Norfolk Cruisers batting - Pitching for New Amsterdam Republics : RHP Andy Coker
Batting: RHB Bill Childers 0-0: Ball
1-0: Ground out 6-3 (Groundball, 6)
Batting: RHB Terry Sylvester 0-0: Foul Ball, location: 2F
0-1: Ball
1-1: Ball
2-1: Ball
3-1: Foul Ball, location: 2F
3-2: Foul Ball, location: 2F
3-2: Foul Ball, location: 2F
3-2: DOUBLE (Line Drive, 7LS)
Batting: RHB Jorge Gómez 0-0: Ball
1-0: Ball
2-0: Called Strike
2-1: Ground out 6-3 (Groundball, 6M)
Terry Sylvester to third
Batting: RHB Steven Talley 0-0: Ball
1-0: Foul Ball, location: 2F
1-1: Ground out 5-3 (Groundball, 5)
Bottom of the 4th over - 0 run(s), 1 hit(s), 0 error(s), 1 left on base; New Amsterdam 0 - Norfolk 0
TOP OF THE 5TH
New Amsterdam Republics batting - Pitching for Norfolk Cruisers : RHP Cal Hudson
Batting: RHB Noel Livingston 0-0: Swinging Strike
0-1: Ball
1-1: Ball
2-1: Ball
3-1: Called Strike
3-2: Base on Balls
Pitching: RHP Paul Moore
Batting: RHB Carlos Ortega 0-0: Called Strike
0-1: Ball
1-1: Ball
2-1: Foul Ball, location: 2F
2-2: Fly out, F7 (Flyball, 78D)
Batting: RHB Fernando López 0-0: Ball
1-0: Ball
2-0: Called Strike
2-1: Called Strike
2-2: 2-RUN HOME RUN (Flyball, 7LD), Distance : 370 ft
Batting: RHB Andy Coker 0-0: Swinging Strike
0-1: Called Strike
0-2: Strikes out swinging
Batting: RHB Doug Reed 0-0: Called Strike
0-1: Ground out 1-3 (Groundball, 13S)
Top of the 5th over - 2 run(s), 1 hit(s), 0 error(s), 0 left on base; New Amsterdam 2 - Norfolk 0
BOTTOM OF THE 5TH
Norfolk Cruisers batting - Pitching for New Amsterdam Republics : RHP Andy Coker
Batting: RHB Carlos Rodríguez 0-0: Called Strike
0-1: Called Strike
0-2: Ball
1-2: Strikes out swinging
Batting: RHB David Gómez 0-0: Foul Ball, location: 2F
0-1: Ball
1-1: Ball
2-1: Ball
3-1: Called Strike
3-2: Strikes out swinging
Batting: SHB Bill Becker 0-0: Called Strike
0-1: Ball
1-1: Foul Ball, location: 2F
1-2: Ball
2-2: Ball
3-2: Foul Ball, location: 2F
3-2: Strikes out swinging
Bottom of the 5th over - 0 run(s), 0 hit(s), 0 error(s), 0 left on base; New Amsterdam 2 - Norfolk 0
TOP OF THE 6TH
New Amsterdam Republics batting - Pitching for Norfolk Cruisers : RHP Paul Moore
Batting: RHB Ronald Shelton 0-0: Foul Ball, location: 2F
0-1: Ball
1-1: Called Strike
1-2: Strikes out swinging
Batting: RHB Porter Martínez 0-0: Ball
1-0: Foul Ball, location: 2F
1-1: Foul Ball, location: 2F
1-2: Fly out, F9 (Flyball, 89M)
Batting: RHB José Ramírez 0-0: Ball
1-0: SINGLE (Line Drive, 5)
Batting: LHB Ken Norman 0-0: Ball
1-0: Called Strike
José Ramírez steals 2nd base
1-1: SINGLE (Line Drive, 9LS)
José Ramírez to third
Runner from 3rd tries for Home, SAFE, no throw or cutoff
Batting: RHB Noel Livingston 0-0: Foul Ball, location: 2F
0-1: Ball
1-1: Ground out 6-3 (Groundball, 6)
Top of the 6th over - 1 run(s), 2 hit(s), 0 error(s), 1 left on base; New Amsterdam 3 - Norfolk 0
BOTTOM OF THE 6TH
Norfolk Cruisers batting - Pitching for New Amsterdam Republics : RHP Andy Coker
Pinch Hitting: RHB Tom Baker 0-0: Foul Ball, location: 2F
0-1: Fly out, F3 (Popup, 4S)
Batting: RHB Floyd Mitchell 0-0: Ball
1-0: Ball
2-0: Fly out, F5 (Popup, 5SF)
Batting: RHB Bill Childers 0-0: Ball
1-0: Ball
2-0: Reached on error, E6 (Groundball, 6)
Batting: RHB Terry Sylvester 0-0: Ground out 5-3 (Groundball, 5L)
Bottom of the 6th over - 0 run(s), 0 hit(s), 1 error(s), 1 left on base; New Amsterdam 3 - Norfolk 0
TOP OF THE 7TH
New Amsterdam Republics batting - Pitching for Norfolk Cruisers : RHP Paul Moore
Pitching: RHP Albert Braun
Batting: RHB Carlos Ortega 0-0: Foul Ball, location: 2F
0-1: Ball
1-1: Swinging Strike
1-2: Strikes out swinging
Batting: RHB Fernando López 0-0: Called Strike
0-1: Ball
1-1: Foul Ball, location: 2F
1-2: Foul Ball, location: 2F
1-2: Ball
2-2: Foul Ball, location: 2F
2-2: Ground out 1-3 (Groundball, 15)
Batting: RHB Andy Coker 0-0: Called Strike
0-1: Swinging Strike
0-2: Ball
1-2: Fly out, F1 (Line Drive, 13)
Top of the 7th over - 0 run(s), 0 hit(s), 0 error(s), 0 left on base; New Amsterdam 3 - Norfolk 0
BOTTOM OF THE 7TH
Norfolk Cruisers batting - Pitching for New Amsterdam Republics : RHP Andy Coker
Batting: RHB Jorge Gómez 0-0: Ball
1-0: Ball
2-0: Ball
3-0: Called Strike
3-1: Called Strike
3-2: Base on Balls
Batting: RHB Steven Talley 0-0: Ball
1-0: Ball
2-0: Ball
3-0: Called Strike
3-1: Foul Ball, location: 2F
3-2: Foul Ball, location: 2F
3-2: Fly out, F8 (Flyball, 8RXD)
Batting: RHB Carlos Rodríguez 0-0: Ball
1-0: Foul Ball, location: 2F
1-1: Ground out 4-3 (Groundball, 4M)
Jorge Gómez to second
Batting: RHB David Gómez 0-0: Foul Ball, location: 2F
0-1: Ground out 6-3 (Groundball, 56)
Bottom of the 7th over - 0 run(s), 0 hit(s), 0 error(s), 1 left on base; New Amsterdam 3 - Norfolk 0
TOP OF THE 8TH
New Amsterdam Republics batting - Pitching for Norfolk Cruisers : RHP Albert Braun
Batting: RHB Doug Reed 0-0: Foul Ball, location: 2F
0-1: Ball
1-1: Fly out, F6 (Line Drive, 6)
Batting: RHB Ronald Shelton 0-0: Ball
1-0: Called Strike
1-1: Called Strike
1-2: Strikes out swinging
Batting: RHB Porter Martínez 0-0: Foul Ball, location: 2F
0-1: Ball
1-1: SINGLE (Groundball, 34D)
Batting: RHB José Ramírez 0-0: Ball
1-0: Ground out 6-3 (Groundball, 6)
Top of the 8th over - 0 run(s), 1 hit(s), 0 error(s), 1 left on base; New Amsterdam 3 - Norfolk 0
BOTTOM OF THE 8TH
Norfolk Cruisers batting - Pitching for New Amsterdam Republics : RHP Andy Coker
Now at 1B: Arturo Acosta
Batting: SHB Bill Becker 0-0: Called Strike
0-1: Ground out 4-3 (Groundball, 4)
Pinch Hitting: SHB Stephen Baldwin 0-0: Fly out, F8 (Flyball, 78XD)
Batting: RHB Floyd Mitchell 0-0: Called Strike
0-1: Ball
1-1: Ball
2-1: Ball
3-1: Ground out 5-3 (Groundball, 56S)
Bottom of the 8th over - 0 run(s), 0 hit(s), 0 error(s), 0 left on base; New Amsterdam 3 - Norfolk 0
TOP OF THE 9TH
New Amsterdam Republics batting - Pitching for Norfolk Cruisers : RHP Albert Braun
Pitching: LHP Denver Johnston
Batting: LHB Ken Norman 0-0: Ball
1-0: Ground out 4-3 (Groundball, 34)
Batting: RHB Noel Livingston 0-0: Ball
1-0: Called Strike
1-1: Ball
2-1: Foul Ball, location: 2F
2-2: Ball
3-2: Strikes out swinging
Batting: LHB Arturo Acosta 0-0: SINGLE (Flyball, 7LS)
Batting: RHB Fernando López 0-0: Ball
1-0: Foul Ball, location: 2F
1-1: Ball
2-1: Foul Ball, location: 2F
2-2: Ball
3-2: Strikes out swinging
Top of the 9th over - 0 run(s), 1 hit(s), 0 error(s), 1 left on base; New Amsterdam 3 - Norfolk 0
BOTTOM OF THE 9TH
Norfolk Cruisers batting - Pitching for New Amsterdam Republics : RHP Andy Coker
Pitching: LHP Michael Rondeau
Now at C: Billy Fitzgerald
Batting: RHB Bill Childers 0-0: Ball
1-0: Called Strike
1-1: Foul Ball, location: 2F
1-2: Ball
2-2: Ball
3-2: Strikes out swinging
Batting: RHB Terry Sylvester 0-0: Ball
1-0: Ball
2-0: Ball
3-0: Called Strike
3-1: Base on Balls
Batting: RHB Jorge Gómez 0-0: Called Strike
0-1: Ball
1-1: Ball
2-1: Ball
3-1: Fly out, F8 (Flyball, 8LXD)
Batting: RHB Steven Talley 0-0: Ball
1-0: Called Strike
1-1: Ball
2-1: Called Strike
2-2: Foul Ball, location: 2F
2-2: Foul Ball, location: 2F
2-2: Ball
3-2: Foul Ball, location: 2F
3-2: Strikes out swinging
Bottom of the 9th over - 0 run(s), 0 hit(s), 0 error(s), 1 left on base; New Amsterdam 3 - Norfolk 0
This league is powered by Out of the Park Baseball, the baseball management simulation game for PC, Mac and Linux
Monday, May 4th, 2015 - OOTP Baseball 15.6 Build 34